 Dungeon Crawl Stone Soup version 0.30-a0-7-g94fe547ab8 (webtiles) character file.

Game seed: 16727384772855444928

27938 Nedwor the Slicer (level 13, 0/101 HPs)
             Began as a Demonspawn Gladiator on Aug 22, 2022.
             Was an Elder of Uskayaw.
             Killed from afar by an electric eel (12 damage)
             ... with a bolt of electricity
             ... on level 2 of the Lair of Beasts on Aug 23, 2022.
             The game lasted 00:58:38 (21550 turns).

Nedwor the Slicer (Demonspawn Gladiator)           Turns: 21550, Time: 00:58:38

Health: 0/101      AC: 23    Str: 18    XL:     13   Next: 7%
Magic:  20/20      EV: 12    Int: 14    God:    Uskayaw [****..]
Gold:   803        SH: 13    Dex: 20    Spells: 12/12 levels left

rFire   + . .      SeeInvis +    y - +2 dagger (freeze)
rCold   . . .      Faith    +    A - +2 kite shield
rNeg    . . .      Spirit   .    q - +0 plate armour
rPois   .          Reflect  .    x - +2 helmet
rElec   .          Harm     .    n - +0 cloak
rCorr   .          Rampage  .    (no gloves)
Will    +....                    u - +1 pair of boots of the Constellations {rF+ Will+ Dex+3 Slay+2}
Stlth   ..........               f - amulet of faith
HPRegen 0.26/turn                m - ring of see invisible
MPRegen 0.17/turn                w - ring "Vas Gona" {Fly EV+4 Int+2 Dex+3}

@: flying
A: molten scales 2, powered by pain 2, spiny 2, demonic touch 1
a: Renounce Religion, Stomp, Line Pass


You were on level 2 of the Lair of Beasts.
You worshipped Uskayaw.
Uskayaw was aware of your devotion.
You visited 3 branches of the dungeon, and saw 14 of its levels.

You collected 803 gold pieces.

Inventory:

Hand Weapons
 a - a +1 rapier
 y - a +2 dagger of freezing (weapon)
Missiles
 p - 3 throwing nets (quivered)
Armour
 n - a +0 cloak (worn)
 q - a +0 plate armour (worn)
 u - the +1 pair of boots of the Constellations (worn) {rF+ Will+ Dex+3 Slay+2}
   (You acquired it on level 2 of the Lair of Beasts)

   Dex:       It affects your dexterity (+3).
   Slay:      It affects your accuracy & damage with ranged weapons and melee
   (+2).
   rF:        It protects you from fire.
   Will:      It increases your willpower.
 x - a +2 helmet (worn)
 A - a +2 kite shield (worn)
Jewellery
 b - an amulet of regeneration
 f - an amulet of faith (around neck)
 j - a ring of wizardry
 m - a ring of see invisible (left hand)
 t - a +6 ring of dexterity
 w - the ring "Vas Gona" (right hand) {Fly EV+4 Int+2 Dex+3}
   (You found it on level 5 of the Dungeon)

   [ring of evasion]

   EV:        It affects your evasion (+4).
   Int:       It affects your intelligence (+2).
   Dex:       It affects your dexterity (+3).
   Fly:       It grants you flight.
 D - a ring of fire
 E - a +6 ring of intelligence
Wands
 l - a wand of paralysis (12)
 C - a wand of acid (9)
Scrolls
 k - 5 scrolls of enchant weapon
 o - 6 scrolls of teleportation
 r - a scroll of fear
 z - a scroll of amnesia
 G - a scroll of poison
Potions
 c - 4 potions of ambrosia
 d - 2 potions of curing
 g - 2 potions of flight
 h - 2 potions of resistance {unknown}
 i - a potion of cancellation {unknown}
 s - a potion of magic {unknown}
 F - a potion of berserk rage {unknown}


   Skills:
 + Level 9.5 Fighting
 + Level 11.4 Short Blades
 - Level 1.7 Throwing
 + Level 8.4 Armour
 + Level 8.9 Dodging
 + Level 0.2 Stealth
 + Level 6.8 Shields
 + Level 9.5 Invocations


You had 12 spell levels left.
You didn't know any spells.
Your spell library contained the following spells:

 Spells                   Type           Power      Damage    Failure   Level
 Apportation              Tloc           0%         N/A       100%        1
 Beastly Appendage        Tmut           0%         N/A       100%        1
 Magic Dart               Conj           0%         1d3       100%        1
 Necrotise                Necr           0%         1d4       100%        1
 Summon Small Mammal      Summ           0%         N/A       100%        1
 Scorch                   Fire           0%         2d5       100%        2
 Sublimation of Blood     Necr           0%         N/A       100%        2
 Wereblood                Tmut           0%         N/A       100%        2
 Frozen Ramparts          Ice            0%         1d1       100%        3
 Spider Form              Tmut/Pois      0%         N/A       100%        3
 Flame Wave               Conj/Fire      0%         2d4       100%        4
 Ice Form                 Ice/Tmut       0%         N/A       100%        4
 Petrify                  Tmut/Erth      0%         N/A       100%        4
 Summon Ice Beast         Ice/Summ       0%         N/A       100%        4
 Irradiate                Conj/Tmut      0%         3d11      100%        5
 Summon Cactus Giant      Summ           0%         N/A       100%        6


Dungeon Overview and Level Annotations

Branches:
Dungeon (11/15)            Temple (1/1) D:4            Lair (2/5) D:9
  Swamp (0/4) Lair:2
  Snake: Lair:2-3    Spider: Lair:2-3       Orc: D:9-12

Altars:
Ashenzari
Cheibriados
Dithmenos
Fedhas
Gozag
Hepliaklqana
Kikubaaqudgha
Makhleb
Nemelex Xobeh
Okawaru
Qazlal
Ru
Sif Muna
Trog
Uskayaw
Vehumet
Wu Jian
Xom
Yredelemnul

Shops:
D:3 [

Annotations:
Lair:2 1 transporter, Smoky173's ghost, journeyman DjFE


Innate Abilities, Weirdness & Mutations

You are mostly covered in molten scales. (AC +3)
You sometimes gain power by taking damage.
You are mostly covered in sharp spines.
Your touch may inflict minor irresistible damage on your foes.


Message History

The stone arrow hits you!!
* * * LOW HITPOINT WARNING * * *
You block the killer bee's attack.
You feel better. The killer bee barely misses you.
You block Smoky173's ghost's attack. The killer bee closely misses you.
Your surroundings suddenly seem different.
The electric eel shoots out a bolt of lightning at you!
The bolt of electricity hits you!
* * * LOW HITPOINT WARNING * * *
The bolt of electricity hits you!
* * * LOW HITPOINT WARNING * * *
The bolt of electricity hits the electric eel.
The electric eel completely resists.
The electric eel shoots out a bolt of lightning at you!
The bolt of electricity hits you but does no damage.
The electric eel shoots out a bolt of lightning at you!
The bolt of electricity misses you. x2
The electric eel shoots out a bolt of lightning at you!
The bolt of electricity hits you!
* * * LOW HITPOINT WARNING * * *
The bolt of electricity hits you but does no damage.
The electric eel shoots out a bolt of lightning at you!
The bolt of electricity hits the electric eel.
The electric eel completely resists.
The bolt of electricity misses you.
The electric eel shoots out a bolt of lightning at you!
The bolt of electricity hits you but does no damage.
You can no longer merge with and destroy a victim.
You see here a +2 pair of boots.
The electric eel shoots out a bolt of lightning at you!
The bolt of electricity misses you.
The electric eel shoots out a bolt of lightning at you!
The bolt of electricity hits the electric eel.
The electric eel completely resists.
The bolt of electricity hits you but does no damage.
The electric eel shoots out a bolt of lightning at you!
The bolt of electricity misses you.
The electric eel shoots out a bolt of lightning at you!
The bolt of electricity hits the electric eel.
The electric eel completely resists.
The bolt of electricity hits you!
You die...

#####....#...#..#..$.....
....†............§[.~§~..
#..##...###..##....§§§§~..
##.##..## ##.###..§≈§§§S..
#####.## #.###..§SS§§~.. # #.#
##>.###[.§S~~... # ..#
#...##...§§§§..# #
##.######..###..§...... ##
#..#........@....)..# .# .#
.#..###.###...###### #.. ## ##...
#######..P# ### #.# .# #...#
#.###y###..# ##.######.P ##
...##!..#...##..###....##.... #
#..##.#.#.#. #...#..........# #
###..##...#...##..##.#P#......#
###P.#.#.#.#.#.#y#...#.######...#
.......#..#...#yy#..##.######.#.#


You could see a killer bee and 4 electric eels.

Vanquished Creatures
  A boulder beetle (D:11)
  A hydra (Lair:1)
  2 two-headed ogres
  A death yak (Lair:2)
  A bog body (Lair:2)
  An orc knight (D:11)
  8 elephants
  3 black mambas
  Joseph (Lair:1)
  2 kobold demonologists (D:11)
  2 cane toads (Lair:2)
  2 unseen horrors (D:11)
  4 rime drakes
  4 komodo dragons
  An ice devil (Lair:2)
  2 queen bees (Lair:2)
  3 trolls
  2 burning bushes (Lair:1)
  A meliai (Lair:2)
  A polar bear (Lair:2)
  10 blink frogs (Lair:1)
  Prince Ribbit (D:6)
  A vampire (D:11)
  2 dire elephant simulacra (Lair:2)
  2 wraiths
  26 yaks
  4 wyverns
  2 basilisks
  A death yak simulacrum (Lair:2)
  3 vampire mosquitoes (D:10)
  3 steam dragons
  A water moccasin (Lair:1)
  7 orc warriors (D:11)
  A sky beast (D:7)
  A black bear (D:9)
  3 ogres (D:11)
  6 wolves (Lair:2)
  7 centaurs
  2 phantoms (D:5)
  8 kobold brigands
  8 bullfrogs
  3 necrophages
  A two-headed ogre simulacrum (Lair:2)
  4 scorpions
  3 wights (D:9)
  An elephant simulacrum (Lair:2)
  20 killer bees
  3 howler monkeys
  2 hounds
  An orc priest (D:11)
  6 iguanas
  Natasha (thrice) (D:3)
  7 orc wizards
  7 hell rats (Lair:2)
  A polar bear simulacrum (Lair:2)
  A wolf simulacrum (Lair:2)
  Robin (D:3)
  A naga simulacrum (Lair:2)
  10 adders
  4 white imps
  2 dart slugs
  42 orcs
  A ball python (D:4)
  5 endoplasms
  A giant cockroach (D:3)
  11 goblins
  10 hobgoblins
  3 jackals (D:1)
  5 quokkas
  2 bats
  5 frilled lizards
  29 kobolds
  8 rats
345 creatures vanquished.

Vanquished Creatures (others)
  An electric eel (Lair:1)
  An orc wizard (D:9)
  17 fungi (Lair:2)
  10 plants (Lair:2)
29 creatures vanquished.

Grand Total: 374 creatures vanquished

Notes
Turn   | Place    | Note
-------+----------+-------------------------------------------
     0 | D:1      | Nedwor the Demonspawn Gladiator began the quest for the
                  | Orb.
     0 | D:1      | Reached XP level 1. HP: 16/16 MP: 1/1
   684 | D:1      | Gained mutation: You are partially covered in molten
                  | scales. (AC +2) [demonic ancestry]
   684 | D:1      | Reached XP level 2. HP: 17/22 MP: 2/2
   693 | D:1      | Reached skill level 3 in Short Blades
  1387 | D:1      | Found a faded altar of an unknown god.
  1556 | D:2      | Reached skill level 1 in Armour
  1556 | D:2      | Gained mutation: You are partially covered in sharp spines.
                  | [demonic ancestry]
  1556 | D:2      | Reached XP level 3. HP: 23/28 MP: 3/3
  1989 | D:2      | Found a snail-covered altar of Cheibriados.
  2183 | D:2      | Reached XP level 4. HP: 34/34 MP: 4/4
  2540 | D:3      | Found Wotwirom's Antique Armour Shop.
  2651 | D:3      | Noticed Robin
  2670 | D:3      | Killed Robin
  2927 | D:3      | Gained mutation: You are mostly covered in molten scales.
                  | (AC +3) [demonic ancestry]
  2927 | D:3      | Reached XP level 5. HP: 32/40 MP: 5/5
  2937 | D:3      | Reached skill level 4 in Short Blades
  3374 | D:3      | Noticed Natasha
  3382 | D:3      | Killed Natasha
  3515 | D:3      | Noticed Natasha
  3521 | D:3      | Killed Natasha
  3564 | D:3      | Noticed Natasha
  3570 | D:3      | Killed Natasha
  3686 | D:4      | Reached XP level 6. HP: 45/47 MP: 6/6
  3800 | D:4      | Found a radiant altar of Vehumet.
  3803 | D:4      | Got Vehumet's Essays on Hurting
  3805 | D:4      | Found an ancient bone altar of Kikubaaqudgha.
  3806 | D:4      | Found a shimmering blue altar of Sif Muna.
  3880 | D:4      | Found a staircase to the Ecumenical Temple.
  3889 | Temple   | Entered the Ecumenical Temple
  4104 | D:4      | Found a sacrificial altar of Ru.
  4105 | D:4      | Found a shadowy altar of Dithmenos.
  4107 | D:4      | Found a hide-covered altar of Uskayaw.
  4138 | D:4      | Found an ornate altar of the Wu Jian Council.
  4174 | D:4      | Became a worshipper of Uskayaw the Reveller
  4514 | D:5      | Entered Level 5 of the Dungeon
  4523 | D:5      | Reached * piety under Uskayaw
  4527 | D:5      | Reached ** piety under Uskayaw
  4533 | D:5      | Reached *** piety under Uskayaw
  4695 | D:5      | Reached **** piety under Uskayaw
  4981 | D:4      | Reached skill level 5 in Short Blades
  5007 | D:4      | Reached XP level 7. HP: 51/53 MP: 7/7
  5222 | D:5      | Found an opulent altar of Gozag.
  5224 | D:5      | Identified the ring "Vas Gona" {Fly EV+4 Int+2 Dex+3}
  5768 | D:6      | Reached ***** piety under Uskayaw
  5893 | D:6      | Noticed Prince Ribbit
  5908 | D:6      | Killed Prince Ribbit
  5909 | D:6      | Reached skill level 6 in Short Blades
  5909 | D:6      | Gained mutation: You are mostly covered in sharp spines.
                  | [demonic ancestry]
  5909 | D:6      | Reached XP level 8. HP: 48/61 MP: 8/8
  7075 | D:7      | Reached skill level 5 in Fighting
  7075 | D:7      | Reached skill level 5 in Dodging
  7393 | D:7      | Reached skill level 7 in Short Blades
  7405 | D:7      | Found a basalt altar of Yredelemnul.
  7703 | D:7      | Gained mutation: You sometimes gain a little power by
                  | taking damage. [demonic ancestry]
  7703 | D:7      | Reached XP level 9. HP: 68/68 MP: 9/9
  7727 | D:7      | Found a shimmering altar of Xom.
  8146 | D:7      | Reached skill level 1 in Shields
  8289 | D:8      | Reached skill level 5 in Armour
  8293 | D:8      | Reached skill level 8 in Short Blades
  8571 | D:8      | Found a stormy altar of Qazlal.
  9397 | D:9      | Noticed an elephant
  9421 | D:9      | Killed an elephant
  9422 | D:9      | Reached XP level 10. HP: 42/77 MP: 12/12
  9587 | D:9      | Found a staircase to the Lair.
 10087 | D:9      | Noticed a two-headed ogre
 10099 | D:9      | Killed a two-headed ogre
 10105 | D:9      | Identified the +8 scimitar of the Doomed Warrior {pain,
                  | rPois Will- Int+3 Dex+3}
 10331 | D:9      | Reached skill level 9 in Short Blades
 10571 | D:10     | Entered Level 10 of the Dungeon
 10666 | D:10     | Reached skill level 5 in Invocations
 11351 | D:10     | Noticed a two-headed ogre
 11364 | D:10     | Killed a two-headed ogre
 11564 | D:10     | Found a sparkling altar of Nemelex Xobeh.
 11647 | D:10     | Noticed an angel
 11867 | D:11     | Gained mutation: Your touch may inflict minor irresistible
                  | damage on your foes. [demonic ancestry]
 11867 | D:11     | Reached XP level 11. HP: 55/84 MP: 15/15
 12189 | D:11     | Noticed a boulder beetle
 12255 | D:11     | Killed a boulder beetle
 12660 | D:11     | Reached skill level 10 in Short Blades
 12927 | D:11     | Noticed an orc knight
 12959 | D:11     | Killed an orc knight
 13767 | Lair:1   | Entered Level 1 of the Lair of Beasts
 13767 | Lair:1   | Noticed Joseph
 14052 | Lair:1   | Killed Joseph
 14496 | Lair:1   | Reached skill level 5 in Shields
 14558 | Lair:1   | Reached ****** piety under Uskayaw
 15002 | Lair:1   | Reached XP level 12. HP: 77/93 MP: 17/17
 15191 | Lair:1   | Noticed an eight-headed hydra
 15203 | Lair:1   | Killed an eight-headed hydra
 16513 | Lair:2   | Upgraded the game from 0.30-a0-5-g3a90980b9d to
                  | 0.30-a0-7-g94fe547ab8
 17267 | Lair:2   | Noticed a death yak
 17579 | Lair:2   | Reached skill level 11 in Short Blades
 17852 | Lair:2   | Killed a death yak
 20343 | Lair:2   | Found a transporter.
 20343 | Lair:2   | Found a transporter.
 20343 | Lair:2   | Noticed Smoky173's ghost (journeyman DjFE)
 20356 | Lair:2   | Found a staircase to the Swamp.
 20788 | Lair:2   | Gained mutation: You sometimes gain power by taking damage.
                  | [demonic ancestry]
 20788 | Lair:2   | Reached XP level 13. HP: 89/101 MP: 20/20
 21497 | Lair:2   | Identified a scroll of acquirement
 21497 | Lair:2   | Acquired the +1 pair of boots of the Constellations {rF+
                  | Will+ Dex+3 Slay+2}
 21550 | Lair:2   | Killed from afar by an electric eel

Illustrated notes

Levels and vault maps discovered:
D:1:      psy_arrival_fountain, layout_rooms, serial_curves, eino_curves_02,
          eino_curves_02, eino_curves_03, basic_ecumenical_altar,
          minmay_liquid_box, chequers_serial_rivers_small_a,
          minmay_misc_feat_tower
D:2:      layout_basic, basic_altar
D:3:      layout_loops_ring, serial_shops, shop, uniq_natasha, uniq_robin
D:4:      layout_gridville, grunt_temple_overflow_magic_moments,
          kennysheep_mini_moat, minitemple, minmay_temple_entry_junction,
          minmay_misc_feat_roman
D:5:      layout_cave_pools, marbit_many_paths
D:6:      layout_loops_ring, uniq_prince_ribbit1
D:7:      layout_loops_ring, mainiacjoe_overflow_tiny_flanked,
          mainiacjoe_overflow_boulevard
D:8:      layout_rooms, nicolae_qazlal_eye_of_the_storm
D:9:      layout_long_grid, nicolae_tso_swordbearing_angel, david_lair_generic
D:10:     layout_basic, zin_angel, elyvilon_altar_3,
          mainiacjoe_overflow_24_doors, hangedman_abyss_or_decor_passed,
          hex_large
D:11:     layout_long_grid, special_room [special_room_orc]
Temple:   nicolae_temple_little_seven
Lair:1:   layout_roguey, nicolae_quartered_pool_impasse, minivault_26,
          evilmike_ambush [evilmike_ambush_outer_pillars,
          evilmike_ambush_inner_pond], grunt_megastairs_5,
          infiniplex_staircase_pool_2, serial_bayou_shore_b, uniq_joseph
Lair:2:   dreamdust_isle_of_ice, layout_loops_ring, minmay_swamp_entry_eels,
          nicolae_spider_entry_orb_guardian, gammafunk_ghost_hive, special_room
          [special_room_bee]

Skill      XL: |  1  2  3  4  5  6  7  8  9 10 11 12 |
---------------+-------------------------------------+-----
Short Blades   | 3 4 5 6 7 8 9 10 11 | 11.4
Armour         | 1 2 3 4 5 6 7 8 |  8.4
Dodging        | 3 4 5 6 7 8 |  8.9
Fighting       | 3 4 5 6 7 8 9 |  9.5
Shields        | 2 4 5 6 |  6.8
Invocations    | 3 5 7 9 |  9.5
Throwing       | |  1.7
Stealth        | |  0.2

Action                   |  1- 3 |  4- 6 |  7- 9 | 10-12 | 13-15 || total
-------------------------+-------+-------+-------+-------+-------++-------
Melee: Rapier            |   119 |   174 |   114 |    80 |       ||   487
       Punch             |       |     1 |       |       |       ||     1
       Dagger            |       |       |   110 |   910 |    60 ||  1080
Throw: Throwing net      |       |       |     1 |       |       ||     1
Invok: Stomp             |       |       |       |    12 |       ||    12
       Line Pass         |       |       |       |     2 |       ||     2
Evoke: Wand              |       |       |       |     6 |       ||     6
  Use: Scroll            |     4 |     3 |     7 |    10 |     3 ||    27
       Potion            |       |       |       |    14 |     5 ||    19
 Stab: Paralysed         |       |     2 |    11 |    57 |     1 ||    71
       Held in net/web   |       |       |     2 |       |       ||     2
       Invisible         |       |       |       |     2 |       ||     2
Armor: Leather armour    |    23 |       |       |       |       ||    23
       Scale mail        |    26 |       |       |       |       ||    26
       Chain mail        |    11 |     3 |       |       |       ||    14
       Plate armour      |       |   106 |   132 |   341 |    44 ||   623
Dodge: Dodged            |    77 |    46 |    70 |   320 |    31 ||   544
Block: Kite shield       |       |       |    14 |   444 |    33 ||   491

Table legend: (Time is in decaauts)
 A = Elapsed time spent in this place.
 B = Non-inter-level travel time spent in this place.
 C = Inter-level travel time spent in this place.
 D = Time resting spent in this place.
 E = Time spent auto-exploring this place.
 F = Levels seen in this place.
 G = Mean time per level.
                   A        B        C        D        E       F      G
               +--------+--------+--------+--------+--------+-----+--------+
         Total |  21250 |  20471 |    779 |   8806 |   8269 |  14 | 1517.9 |
       Dungeon |  13818 |  13070 |    748 |   3539 |   7513 |  11 | 1256.2 |
        Temple |     57 |     54 |      3 |      0 |     33 |   1 |   57.0 |
          Lair |   7374 |   7347 |     27 |   5267 |    723 |   2 | 3687.0 |
               +--------+--------+--------+--------+--------+-----+--------+

Top non-repeatable levels by time:
  Lair:2: 4270 daAuts
  Lair:1: 3104 daAuts
     D:9: 1845 daAuts
    D:11: 1721 daAuts
     D:6: 1552 daAuts
     D:1: 1531 daAuts
    D:10: 1387 daAuts
     D:4: 1241 daAuts
     D:3: 1141 daAuts
     D:7: 1097 daAuts
     D:2: 988 daAuts
     D:5: 842 daAuts
     D:8: 468 daAuts
  Temple: 57 daAuts
